| TOP OF THE 1ST |
|
Colorado (EL) Rockies batting - Pitching for Biloxi Shuckers : LHP Taek-hyun Kim
|
|
Pitching: LHP Taek-hyun Kim
|
|
|
Batting: RHB Bodil Hardenberg
|
0-0: Ball 1-0: Foul Ball, location: 2F 1-1: Called Strike 1-2: Foul Ball, location: 2F 1-2: Ball 2-2: Strikes out swinging
|
|
Batting: LHB Zack Guillen
|
0-0: Ball 1-0: Ball 2-0: Called Strike 2-1: Ball 3-1: Called Strike 3-2: Foul Ball, location: 2F 3-2: Fly out, F7 (Flyball, 7D, EV 91.2 MPH)
|
|
Batting: RHB Henry Alvizo
|
0-0: Ball 1-0: Called Strike 1-1: Ball 2-1: Ball 3-1: Base on Balls
|
|
Batting: RHB Ernest Olkowicz
|
0-0: Ball 1-0: Called Strike 1-1: Ball 2-1: Fly out, F9 (Flyball, 9D, EV 81.2 MPH)
|
| Top of the 1st over - 0 runs, 0 hits, 0 errors, 1 left on base; Colorado (EL) 0 - Biloxi 0 |
| BOTTOM OF THE 1ST |
|
Biloxi Shuckers batting - Pitching for Colorado (EL) Rockies : RHP Colin Lancey Jr.
|
|
Pitching: RHP Colin Lancey Jr.
|
|
|
Batting: RHB Nick Cummings
|
0-0: Ball 1-0: Called Strike 1-1: Swinging Strike 1-2: Strikes out looking
|
|
Batting: LHB Pablo Cardona
|
0-0: Foul Ball, location: 2F 0-1: Ball 1-1: Ball 2-1: Called Strike 2-2: Ground out 6-3 (Groundball, 6M, EV 108.1 MPH)
|
|
Batting: SHB Mike Williams
|
0-0: Foul Ball, location: 2F 0-1: Ball 1-1: DOUBLE (Flyball, 8RXD, EV 92.5 MPH)
|
|
Batting: RHB Vinny Estrada
|
0-0: Ball 1-0: Ball 2-0: Ground out 5-3 (Groundball, 56, EV 108.8 MPH)
|
| Bottom of the 1st over - 0 runs, 1 hit, 0 errors, 1 left on base; Colorado (EL) 0 - Biloxi 0 |
| TOP OF THE 2ND |
|
Colorado (EL) Rockies batting - Pitching for Biloxi Shuckers : LHP Taek-hyun Kim
|
|
Batting: RHB Andy Solorzano
|
0-0: Ball 1-0: Ball 2-0: Ball 3-0: Base on Balls
|
|
Batting: LHB Ryan Rodgers
|
0-0: Ball 1-0: Called Strike 1-1: Called Strike 1-2: Foul Ball, location: 2F 1-2: Strikes out swinging
|
|
Batting: RHB Max Schellekens
|
0-0: Called Strike 0-1: Ball 1-1: Foul Ball, location: 2F 1-2: Foul Ball, location: 2F 1-2: Strikes out swinging
|
|
Batting: RHB Steve Waltenbery
|
0-0: Ground out 4-3 (Groundball, 4, EV 103.1 MPH)
|
| Top of the 2nd over - 0 runs, 0 hits, 0 errors, 1 left on base; Colorado (EL) 0 - Biloxi 0 |
| BOTTOM OF THE 2ND |
|
Biloxi Shuckers batting - Pitching for Colorado (EL) Rockies : RHP Colin Lancey Jr.
|
|
Batting: RHB Cameron Rattenbury
|
0-0: Called Strike 0-1: Foul Ball, location: 2F 0-2: Ball 1-2: Ball 2-2: Foul Ball, location: 2F 2-2: Strikes out swinging
|
|
Batting: RHB John Freeman
|
0-0: Called Strike 0-1: Foul Ball, location: 2F 0-2: Ball 1-2: Strikes out looking
|
|
Batting: SHB Robert Sayer
|
0-0: Ball 1-0: Fly out, F8 (Flyball, 8RD, EV 99.4 MPH)
|
| Bottom of the 2nd over - 0 runs, 0 hits, 0 errors, 0 left on base; Colorado (EL) 0 - Biloxi 0 |
| TOP OF THE 3RD |
|
Colorado (EL) Rockies batting - Pitching for Biloxi Shuckers : LHP Taek-hyun Kim
|
|
Batting: LHB Elijah Black
|
0-0: Ball 1-0: Foul Ball, location: 2F 1-1: SINGLE (Line Drive, 8RS, EV 90.6 MPH)
|
|
Batting: RHB Bodil Hardenberg
|
0-0: Ball 1-0: Foul Ball, location: 2F 1-1: Called Strike 1-2: Foul Ball, location: 2F 1-2: SINGLE (Groundball, 34D, EV 108.1 MPH) Elijah Black to second Runner from 2nd tries for 3rd, SAFE, no throw by RF
|
|
Batting: LHB Zack Guillen
|
0-0: Ball Bodil Hardenberg steals 2nd, throwing error, E2 Elijah Black scores Bodil Hardenberg to third 1-0: Ball 2-0: Swinging Strike 2-1: Fly out, F8 (Flyball, 8RD, EV 100.0 MPH) Runner from 3rd tags up, SCORES, throw by CF
|
|
Batting: RHB Henry Alvizo
|
0-0: Ball 1-0: Foul Ball, location: 2F 1-1: Ball 2-1: SINGLE (Flyball, 89S, EV 90.0 MPH)
|
|
Batting: RHB Ernest Olkowicz
|
0-0: Foul Ball, location: 2F 0-1: Ball Henry Alvizo steals 2nd base 1-1: Ball 2-1: Foul Ball, location: 2F 2-2: Fly out, F9 (Line Drive, 9, EV 90.6 MPH)
|
|
Batting: RHB Andy Solorzano
|
0-0: Swinging Strike 0-1: Called Strike 0-2: Foul Ball, location: 2F 0-2: Ball 1-2: Ball 2-2: Foul Ball, location: 2F 2-2: Ground out 4-3 (Groundball, 34, EV 102.5 MPH)
|
| Top of the 3rd over - 2 runs, 3 hits, 1 error, 1 left on base; Colorado (EL) 2 - Biloxi 0 |
| BOTTOM OF THE 3RD |
|
Biloxi Shuckers batting - Pitching for Colorado (EL) Rockies : RHP Colin Lancey Jr.
|
|
Batting: RHB Steve Byerly
|
0-0: Called Strike 0-1: Swinging Strike 0-2: Strikes out swinging
|
|
Batting: RHB Brian Landrum
|
0-0: Ball 1-0: Ground out 4-3 (Groundball, 34, EV 87.5 MPH)
|
|
Batting: RHB Nick Cummings
|
0-0: Swinging Strike 0-1: Swinging Strike 0-2: Ball 1-2: Ball 2-2: Strikes out swinging
|
| Bottom of the 3rd over - 0 runs, 0 hits, 0 errors, 0 left on base; Colorado (EL) 2 - Biloxi 0 |
| TOP OF THE 4TH |
|
Colorado (EL) Rockies batting - Pitching for Biloxi Shuckers : LHP Taek-hyun Kim
|
|
Batting: LHB Ryan Rodgers
|
0-0: Fly out, F7 (Flyball, 7LS, EV 95.0 MPH)
|
|
Batting: RHB Max Schellekens
|
0-0: Fly out, F3 (Popup, 34S, EV 72.5 MPH)
|
|
Batting: RHB Steve Waltenbery
|
0-0: Ball 1-0: Ground out 4-3 (Groundball, 4, EV 85.0 MPH)
|
| Top of the 4th over - 0 runs, 0 hits, 0 errors, 0 left on base; Colorado (EL) 2 - Biloxi 0 |
| BOTTOM OF THE 4TH |
|
Biloxi Shuckers batting - Pitching for Colorado (EL) Rockies : RHP Colin Lancey Jr.
|
|
Batting: LHB Pablo Cardona
|
0-0: Called Strike 0-1: Ball 1-1: Ground out 6-3 (Groundball, 56, EV 81.9 MPH)
|
|
Batting: SHB Mike Williams
|
0-0: Ground out 4-3 (Groundball, 4, EV 85.0 MPH)
|
|
Batting: RHB Vinny Estrada
|
0-0: Foul Ball, location: 2F 0-1: Foul Ball, location: 2F 0-2: Ball 1-2: SINGLE (Line Drive, 8RS, EV 93.1 MPH)
|
|
Batting: RHB Cameron Rattenbury
|
0-0: Ball Vinny Estrada is caught stealing 2nd base 2-4
|
| Bottom of the 4th over - 0 runs, 1 hit, 0 errors, 0 left on base; Colorado (EL) 2 - Biloxi 0 |
| TOP OF THE 5TH |
|
Colorado (EL) Rockies batting - Pitching for Biloxi Shuckers : LHP Taek-hyun Kim
|
|
Batting: LHB Elijah Black
|
0-0: DOUBLE (Groundball, 3D, EV 103.8 MPH)
|
|
Batting: RHB Bodil Hardenberg
|
0-0: Foul Ball, location: 2F 0-1: Swinging Strike 0-2: Foul Ball, location: 2F 0-2: Ball 1-2: Fly out, F8 (Line Drive, 8LM, EV 85.6 MPH)
|
|
Batting: LHB Zack Guillen
|
0-0: Called Strike 0-1: Ground out 1-3 (Groundball, 13S, EV 69.4 MPH) Elijah Black to third
|
|
Batting: RHB Henry Alvizo
|
0-0: SINGLE (Flyball, 78S, EV 91.9 MPH) Elijah Black scores
|
|
Batting: RHB Ernest Olkowicz
|
0-0: Hit by Pitch Henry Alvizo to second
|
|
Batting: RHB Andy Solorzano
|
0-0: Ball 1-0: Fly out, F9 (Flyball, 9D, EV 103.8 MPH)
|
| Top of the 5th over - 1 run, 2 hits, 0 errors, 2 left on base; Colorado (EL) 3 - Biloxi 0 |
| BOTTOM OF THE 5TH |
|
Biloxi Shuckers batting - Pitching for Colorado (EL) Rockies : RHP Colin Lancey Jr.
|
|
Batting: RHB Cameron Rattenbury
|
0-0: Called Strike 0-1: Ball 1-1: Swinging Strike 1-2: Strikes out swinging
|
|
Batting: RHB John Freeman
|
0-0: Ball 1-0: Swinging Strike 1-1: Ball 2-1: Foul Ball, location: 2F 2-2: Ball 3-2: Strikes out swinging
|
|
Batting: SHB Robert Sayer
|
0-0: Ball 1-0: Ball 2-0: Ground out 4-3 (Groundball, 4M, EV 108.1 MPH)
|
| Bottom of the 5th over - 0 runs, 0 hits, 0 errors, 0 left on base; Colorado (EL) 3 - Biloxi 0 |
| TOP OF THE 6TH |
|
Colorado (EL) Rockies batting - Pitching for Biloxi Shuckers : LHP Taek-hyun Kim
|
|
Batting: LHB Ryan Rodgers
|
0-0: Ground out 5-3 (Groundball, 56, EV 84.4 MPH)
|
|
Batting: RHB Max Schellekens
|
0-0: Ball 1-0: Ball 2-0: Foul Ball, location: 2F 2-1: Fly out, F8 (Flyball, 8RS, EV 91.2 MPH)
|
|
Batting: RHB Steve Waltenbery
|
0-0: Ball 1-0: Ball 2-0: Ground out 1-3 (Groundball, 34S, EV 68.1 MPH)
|
| Top of the 6th over - 0 runs, 0 hits, 0 errors, 0 left on base; Colorado (EL) 3 - Biloxi 0 |
| BOTTOM OF THE 6TH |
|
Biloxi Shuckers batting - Pitching for Colorado (EL) Rockies : RHP Colin Lancey Jr.
|
|
Batting: RHB Steve Byerly
|
0-0: Ball 1-0: Ball 2-0: Called Strike 2-1: Ball 3-1: Base on Balls
|
|
Batting: RHB Brian Landrum
|
0-0: Called Strike 0-1: Ball 1-1: Ball 2-1: Ball 3-1: Fly out, F3 (Popup, 3F, EV 70.6 MPH)
|
|
Batting: RHB Nick Cummings
|
0-0: Called Strike 0-1: Foul Ball, location: 2F 0-2: Foul Ball, location: 2F 0-2: Strikes out swinging
|
|
Batting: LHB Pablo Cardona
|
0-0: Foul Ball, location: 2F 0-1: Ball 1-1: Ball 2-1: Foul Ball, location: 2F 2-2: Ball 3-2: Ground out 4-3 (Groundball, 4MS, EV 91.9 MPH)
|
| Bottom of the 6th over - 0 runs, 0 hits, 0 errors, 1 left on base; Colorado (EL) 3 - Biloxi 0 |
| TOP OF THE 7TH |
|
Colorado (EL) Rockies batting - Pitching for Biloxi Shuckers : LHP Taek-hyun Kim
|
|
Pitching: RHP Jim Strickland
|
|
|
Batting: LHB Elijah Black
|
0-0: Ball 1-0: Ball 2-0: Ball 3-0: Base on Balls
|
|
Batting: RHB Bodil Hardenberg
|
0-0: Ball 1-0: Ball 2-0: Swinging Strike 2-1: Ball 3-1: Foul Ball, location: 2F 3-2: Fielders Choice at 2nd, 1-6 (Groundball, 13S, EV 72.5 MPH)
|
|
Batting: LHB Zack Guillen
|
0-0: Ball Bodil Hardenberg steals 2nd base 1-0: Intentional Walk
|
|
Batting: RHB Henry Alvizo
|
0-0: Ball 1-0: Called Strike 1-1: Called Strike 1-2: Foul Ball, location: 2F 1-2: Ball 2-2: Foul Ball, location: 2F 2-2: Ball 3-2: Base on Balls Bodil Hardenberg to third Zack Guillen to second
|
|
Batting: RHB Ernest Olkowicz
|
0-0: Foul Ball, location: 2F 0-1: Foul Ball, location: 2F 0-2: Strikes out swinging
|
|
Batting: RHB Andy Solorzano
|
0-0: Ball 1-0: Ground out 5-3 (Groundball, 5S, EV 66.2 MPH)
|
| Top of the 7th over - 0 runs, 0 hits, 0 errors, 3 left on base; Colorado (EL) 3 - Biloxi 0 |
| BOTTOM OF THE 7TH |
|
Biloxi Shuckers batting - Pitching for Colorado (EL) Rockies : RHP Colin Lancey Jr.
|
|
Batting: SHB Mike Williams
|
0-0: Swinging Strike 0-1: Ball 1-1: Fly out, F7 (Flyball, 78S, EV 85.0 MPH)
|
|
Batting: RHB Vinny Estrada
|
0-0: Ball 1-0: Foul Ball, location: 2F 1-1: Ball 2-1: Foul Ball, location: 2F 2-2: Ball 3-2: Ground out 1-3 (Groundball, 23, EV 73.8 MPH)
|
|
Batting: RHB Cameron Rattenbury
|
0-0: Ground out 6-3 (Groundball, 6S, EV 73.8 MPH)
|
| Bottom of the 7th over - 0 runs, 0 hits, 0 errors, 0 left on base; Colorado (EL) 3 - Biloxi 0 |
| TOP OF THE 8TH |
|
Colorado (EL) Rockies batting - Pitching for Biloxi Shuckers : RHP Jim Strickland
|
|
Pitching: LHP Trevor Sharp
|
|
|
Batting: LHB Ryan Rodgers
|
0-0: Ball 1-0: Swinging Strike 1-1: Fly out, F6 (Popup, 6D, EV 73.8 MPH)
|
|
Batting: RHB Max Schellekens
|
0-0: Ball 1-0: Foul Ball, location: 2F 1-1: Ball 2-1: Fly out, F5 (Line Drive, 5, EV 65.6 MPH)
|
|
Batting: RHB Steve Waltenbery
|
0-0: Ball 1-0: Ball 2-0: Ball 3-0: Called Strike 3-1: Swinging Strike 3-2: Foul Ball, location: 2F 3-2: Fly out, F8 (Flyball, 8LD, EV 106.2 MPH)
|
| Top of the 8th over - 0 runs, 0 hits, 0 errors, 0 left on base; Colorado (EL) 3 - Biloxi 0 |
| BOTTOM OF THE 8TH |
|
Biloxi Shuckers batting - Pitching for Colorado (EL) Rockies : RHP Colin Lancey Jr.
|
|
Batting: RHB John Freeman
|
0-0: Ball 1-0: Called Strike 1-1: Foul Ball, location: 2F 1-2: Ball 2-2: Foul Ball, location: 2F 2-2: Foul Ball, location: 2F 2-2: Strikes out swinging
|
|
Pitching: RHP Dustin Deemer
|
|
|
Batting: SHB Robert Sayer
|
0-0: Ball 1-0: Fly out, F8 (Flyball, 8RS, EV 91.2 MPH)
|
|
Batting: RHB Steve Byerly
|
0-0: Ball 1-0: Foul Ball, location: 2F 1-1: Ball 2-1: Swinging Strike 2-2: Ball 3-2: Base on Balls
|
|
Batting: RHB Brian Landrum
|
0-0: Called Strike 0-1: Ball 1-1: Ball 2-1: Called Strike 2-2: Ball 3-2: Reached on error, E5 (Groundball, 56S, EV 70.6 MPH) Steve Byerly to second
|
|
Batting: RHB Nick Cummings
|
0-0: Called Strike 0-1: Foul Ball, location: 2F 0-2: Ball 1-2: SINGLE (Flyball, 7LS, EV 93.1 MPH) Steve Byerly to third Brian Landrum to second Runner from 3rd tries for Home, SAFE, throw by LF to home
|
|
Batting: LHB Pablo Cardona
|
0-0: Ball 1-0: Ball 2-0: Ball 3-0: Called Strike 3-1: Base on Balls Brian Landrum to third Nick Cummings to second
|
|
Batting: SHB Mike Williams
|
0-0: Ground out 4-3 (Groundball, 34, EV 104.4 MPH)
|
| Bottom of the 8th over - 1 run, 1 hit, 1 error, 3 left on base; Colorado (EL) 3 - Biloxi 1 |
| TOP OF THE 9TH |
|
Colorado (EL) Rockies batting - Pitching for Biloxi Shuckers : LHP Trevor Sharp
|
|
Pinch Hitting: RHB Justin Pellman
|
0-0: Ball 1-0: Ball 2-0: Swinging Strike 2-1: Foul Ball, location: 2F 2-2: Ball 3-2: Base on Balls
|
|
Batting: RHB Bodil Hardenberg
|
0-0: Fly out, F4 (Flyball, 34D, EV 88.8 MPH)
|
|
Batting: LHB Zack Guillen
|
0-0: Ball 1-0: Ball 2-0: Called Strike 2-1: SINGLE (Line Drive, 8RS, EV 107.5 MPH) Justin Pellman to second
|
|
Batting: RHB Henry Alvizo
|
0-0: Called Strike 0-1: Ball 1-1: Foul Ball, location: 2F 1-2: Fly out, F7 (Flyball, 7S, EV 92.5 MPH)
|
|
Batting: RHB Ernest Olkowicz
|
0-0: Called Strike 0-1: Ball 1-1: Fielders Choice at 2nd, 6-4 (Groundball, 6, EV 104.4 MPH)
|
| Top of the 9th over - 0 runs, 1 hit, 0 errors, 2 left on base; Colorado (EL) 3 - Biloxi 1 |
| BOTTOM OF THE 9TH |
|
Biloxi Shuckers batting - Pitching for Colorado (EL) Rockies : RHP Dustin Deemer
|
|
Pitching: RHP Luis Castillo
|
|
|
Now at 2B: Pete Perla
|
|
|
Now at 3B: Henry Alvizo
|
|
|
Now at SS: Steve Waltenbery
|
|
|
Batting: RHB Vinny Estrada
|
0-0: Ball 1-0: Called Strike 1-1: Foul Ball, location: 2F 1-2: Ball 2-2: Foul Ball, location: 2F 2-2: Fly out, F7 (Flyball, 7, EV 83.8 MPH)
|
|
Pinch Hitting: LHB Aaron Mobley
|
0-0: Called Strike 0-1: Ground out 4-3 (Groundball, 4S, EV 75.6 MPH)
|
|
Batting: RHB John Freeman
|
0-0: Called Strike 0-1: Called Strike 0-2: Foul Ball, location: 2F 0-2: Ball 1-2: Ball 2-2: Strikes out looking
|
| Bottom of the 9th over - 0 runs, 0 hits, 0 errors, 0 left on base; Colorado (EL) 3 - Biloxi 1 |
|